 Dungeon Crawl Stone Soup version 0.21-a0-529-g8c7b3f5 (webtiles) character file.

113 Lavandula the Cutter (level 4, -7/35 HPs)
             Began as a Mummy Chaos Knight on Dec 9, 2017.
             Killed from afar by a steam dragon (18 damage)
             ... with a ball of steam
             ... on level 3 of the Dungeon.
             The game lasted 00:04:56 (2102 turns).

Lavandula the Cutter (Mummy Chaos Knight)           Turns: 2102, Time: 00:04:57

Health: -7/35      AC: 13    Str: 15    XL:     4   Next: 65%
Magic:  4/4        EV: 11    Int: 12    God:    Xom [......]
Gold:   39         SH:  0    Dex: 11    Spells: 3/3 levels left

rFire    x . .     SeeInvis .   a - +1 short sword (chaos)
rCold    + . .     Gourm    .   (no shield)
rNeg     + + +     Faith    .   b - +2 leather armour
rPois    ∞         Spirit   .   k - +0 helmet
rElec    .         Reflect  .   (no cloak)
rCorr    .         Harm     .   g - +0 pair of gloves
MR       .....                  (no boots)
Stlth    +.........             (no amulet)
HPRegen  0.11/turn              j - +6 ring of protection
MPRegen  0.09/turn              (no ring)

@: about to teleport
A: no food or potions, fire vulnerability, cold resistance 1, negative energy
resistance 3, torment resistance, unbreathing
a: Renounce Religion


You were on level 3 of the Dungeon.
You worshipped Xom.
You were a very special plaything of Xom.
You were not hungry.

You visited 1 branch of the dungeon, and saw 3 of its levels.

You collected 39 gold pieces.

Inventory:

Hand Weapons
 a - a +1 short sword of chaos (weapon)
 i - a +0 dagger
Armour
 b - a +2 leather armour (worn)
 g - a +0 pair of gloves (worn)
 k - a +0 helmet (worn)
Jewellery
 j - a +6 ring of protection (left hand)
Scrolls
 c - 3 scrolls of teleportation
 d - a scroll of remove curse
 e - a scroll of immolation
 f - a scroll of magic mapping
 l - 2 scrolls of enchant weapon


   Skills:
 - Level 3.0 Fighting
 + Level 4.5 Short Blades
 - Level 1.5 Armour
 - Level 0.7 Dodging


You had 3 spell levels left.
You didn't know any spells.

Dungeon Overview and Level Annotations

Branches:
Dungeon (3/15)

Altars:
Sif Muna
Xom

Portals:
Sewer: D:3


Innate Abilities, Weirdness & Mutations

You do not eat or drink.
Your flesh is vulnerable to fire.
You are immune to poison.
Your flesh is cold resistant. (rC+)
You are immune to negative energy. (rN+++)
You are immune to unholy pain and torment.
You can survive without breathing.


Message History

The ball python bites you but does no damage.
The ball python grabs you. The ball python constricts you.
Unknown command.
As you read the scroll of teleportation, it crumbles to dust.
You feel strangely unstable.
Your attacks no longer feel as feeble.
The steam dragon barely misses you. The steam dragon claws you.
The ball python bites you but does no damage.
The bat hits you but does no damage. The ball python closely misses you.
The steam dragon bites you but does no damage.
The steam dragon barely misses you.
The ball python bites you but does no damage.
The ball python constricts you.
The ball python bites you but does no damage.
You escape the ball python's grasp.
The bat hits you but does no damage. The steam dragon breathes steam at you.
The ball of steam hits you! The steam scalds you terribly!
Ouch! That really hurt!
You die...
Xom thinks this is hilarious!

,,,,* *,#.#.*#....##......**,,,
******* *,#.#.##.......#,.,,**,,,
****,***,*............#...,**,,,
*,,,,,,,,*,#..............,,,,**
**,**,****#,##...s≈≈§§.....,,,,,,
**,**,* #.##.sgoos§..####,*****
**,**,***##<....≈§§g≈.....,,*
,,,,,,,,,......SDSS≈§......,*
**,**,****###...@≈b≈§..####**
**,**,** #.....§..?.# **,,,,,*
##.........#
*****,,******###..######
,,,,,,,,,,,,,,,..##
*****,,*******#### ****


You could see a steam dragon, an orc priest, an orc, 2 giant cockroaches, 2
goblins, a bat and 3 ball pythons.

Vanquished Creatures
  An orc priest (D:3)
  3 adders (D:2)
  4 worms (D:2)
  2 leopard geckos (D:1)
  2 orcs
  5 bats
  4 giant cockroaches
  7 goblins
  3 hobgoblins (D:1)
  8 kobolds
  3 frilled lizards (D:1)
  5 rats
47 creatures vanquished.

Vanquished Creatures (collateral kills)
  A jackal (D:3)
1 creature vanquished.

Vanquished Creatures (others)
  A bat (D:3)
  A jackal (D:3)
2 creatures vanquished.

Grand Total: 50 creatures vanquished

Notes
Turn   | Place    | Note
-------+----------+-------------------------------------------
     0 | D:1      | Lavandula the Mummy Chaos Knight began the quest for the Orb.
     0 | D:1      | Reached XP level 1. HP: 18/18 MP: 1/1
    24 | D:1      | XOM: divination: detect items
    84 | D:1      | XOM: harmless Hex miscast
   158 | D:1      | Reached XP level 2. HP: 23/24 MP: 2/2
   161 | D:1      | Reached skill level 3 in Short Blades
   238 | D:1      | XOM: harmless Air miscast
   263 | D:1      | XOM: harmless Fire miscast
   282 | D:1      | XOM: mild Tloc miscast
   409 | D:1      | XOM: stat loss: -1 Int (10/11)
   656 | D:1      | XOM: medium Chrm miscast
  1041 | D:2      | Reached XP level 3. HP: 27/29 MP: 3/3
  1691 | D:2      | Reached skill level 4 in Short Blades
  1829 | D:2      | Reached XP level 4. HP: 33/35 MP: 4/4
  1843 | D:2      | Found a deep blue altar of Sif Muna.
  1993 | D:3      | XOM: noise
  1996 | D:3      | XOM: scenery: create altars
  2051 | D:3      | Noticed a steam dragon
  2065 | D:3      | XOM: summons 2 friendly demons
  2089 | D:3      | Found a glowing drain.
  2092 | D:3      | XOM: medium Tmut miscast
  2096 | D:3      | XOM: mild Conj miscast
  2098 | D:3      | XOM: blink monster(s)
  2102 | D:3      | Killed from afar by a steam dragon

Vault maps used:
D:1:      dpeg_arrival_central
D:2:      lemuel_blue_sif_altar
D:3:      minitemple, portal_sewer_entry_a, first_bread, minmay_misc_feat_rows,
          uniq_natasha

Skill      XL: |  1  2  3 |
---------------+----------+-----
Short Blades   | 3 4 |  4.5
Fighting       | |  3.0
Armour         | |  1.5
Dodging        | |  0.7

Action                   |  1- 3 |  4- 6 || total
-------------------------+-------+-------++-------
Melee: Short sword       |   164 |    24 ||   188
  Use: Scroll            |       |     7 ||     7
Armor: Leather armour    |    51 |    51 ||   102
Dodge: Dodged            |    75 |    60 ||   135

Table legend:
 A = Spawn XP
 B = Non-spawn XP
 C = Spawn XP percentage of total XP
 D = Spawn monster count
 E = Non-spawn monster count
 F = Spawn count percentage of total count
 G = Total turns spent on level
                    A         B        C        D         E        F      G
               +---------+---------+-------+---------+---------+-------+---------
         Total |       0 |     162 |   0.0 |       0 |      48 |   0.0 |  2102
               +---------+---------+-------+---------+---------+-------+---------
           D:1 |       0 |      35 |   0.0 |       0 |      20 |   0.0 |  1026
           D:2 |       0 |      84 |   0.0 |       0 |      22 |   0.0 |   981
           D:3 |       0 |      43 |   0.0 |       0 |       6 |   0.0 |    95
               +---------+---------+-------+---------+---------+-------+---------
